 Dungeon Crawl Stone Soup version 0.24-a0-500-g46574c2197 (webtiles) character file.

Game seed: 5830760312927977181

11164 erloom the Grappler (level 11, -7/99 HPs)
             Began as a Ghoul Monk on July 15, 2019.
             Was an Elder of Makhleb.
             Mangled by an entropy weaver (9 damage)
             ... in a Gauntlet.
             The game lasted 00:29:50 (10024 turns).

erloom the Grappler (Ghoul Monk)                   Turns: 10024, Time: 00:29:51

Health: -7/99      AC: 10    Str: 23    XL:     11   Next: 73%
Magic:  13/13      EV:  7    Int:  5    God:    Makhleb [****..]
Gold:   524        SH: 16    Dex: 11    Spells: 10/10 levels left

rFire    . . .     SeeInvis .     - Unarmed
rCold    + . .     Gourm    .   F - +0 large shield
rNeg     + + +     Faith    .   J - +0 plate armour
rPois    ∞         Spirit   .   q - +1 hat
rElec    .         Reflect  .   k - +0 cloak
rCorr    .         Harm     .   (no gloves)
MR       .....     NoTele   +   (no boots)
Stlth    ..........             (no amulet)
HPRegen  0.00/turn              s - +4 ring of strength
MPRegen  0.13/turn              C - +3 ring of evasion

@: corroded, very slightly contaminated, rotting, invisible
A: rotting body, claws 1, carnivore, cold resistance 1, negative energy
resistance 3, inhibited regeneration, torment resistance, unbreathing
a: Minor Destruction, Lesser Servant of Makhleb, Major Destruction, Renounce
Religion


You were in a Gauntlet.
You worshipped Makhleb.
Makhleb was greatly pleased with you.
You were hungry.

You visited 2 branches of the dungeon, and saw 12 of its levels.
You also visited: Sewer and Gauntlet.

You collected 684 gold pieces.
You spent 160 gold pieces at shops.

Inventory:

Hand Weapons
 o - the +3 hand crossbow "Zunem" {penet, SInv, unknown}
   (You found it in a Gauntlet)

   Ammo fired by it will pass through the targets it hits, potentially hitting
   all targets in its path until it reaches maximum range.
   It lets you see invisible.
Missiles
 c - 8 boomerangs (quivered)
 u - 8 javelins
 L - 4 boomerangs of dispersal
Armour
 k - a +0 cloak (worn)
 q - a +1 hat (worn)
 F - a +0 large shield (worn)
 J - a +0 plate armour (worn)
Jewellery
 s - a +4 ring of strength (left claw)
 v - an uncursed ring of ice
 C - a +3 ring of evasion (right claw)
Wands
 d - a wand of acid (13)
 j - a wand of polymorph (4)
 G - a wand of flame (13)
 H - a wand of iceblast (20)
Scrolls
 a - 2 scrolls of random uselessness
 e - 5 scrolls of immolation
 f - 3 scrolls of enchant weapon
 g - 8 scrolls of teleportation
 l - 8 scrolls of remove curse
 n - a scroll of magic mapping
 p - 3 scrolls of fear
 t - a scroll of fog
 B - 3 scrolls of blinking
 E - a scroll of identify
 K - a scroll of torment {unknown}
 M - a scroll of amnesia
 O - a scroll of acquirement {unknown}
Potions
 h - 2 potions of brilliance
 i - 2 potions of lignification
 m - a potion of heal wounds
 r - 3 potions of mutation {unknown}
 w - a potion of degeneration
 x - 6 potions of flight
 z - 4 potions of haste
 A - a potion of ambrosia {unknown}
 D - 2 potions of curing {unknown}
 N - 2 potions of might
Miscellaneous
 y - a lamp of fire (inert)
Comestibles
 b - 12 rations


   Skills:
 + Level 9.7 Fighting
 + Level 5.6 Armour
 - Level 2.6 Dodging
 - Level 2.1 Stealth
 + Level 6.6 Shields
 * Level 13.1 Unarmed Combat
 - Level 5.0 Invocations
 - Level 2.0 Evocations


You had 10 spell levels left.
You didn't know any spells.
Your spell library contained the following spells:

 Spells                   Type           Power        Failure   Level  Hunger
 Corona                   Hex            #......      100%        1    ##.....
 Freeze                   Ice            #...         100%        1    ##.....
 Ensorcelled Hibernation  Hex/Ice        #.....       100%        2    ###....
 Throw Frost              Conj/Ice       #.....       100%        2    ###....
 Confuse                  Hex            #.......     100%        3    ####...
 Dazzling Spray           Conj/Hex       #.....       100%        3    ####...
 Ozocubu's Armour         Chrm/Ice       #.......     100%        3    ####...
 Tukima's Dance           Hex            #.......     100%        3    ####...
 Summon Ice Beast         Ice/Summ       #.......     100%        4    #####..
 Throw Icicle             Conj/Ice       #.......     100%        4    #####..
 Malign Gateway           Summ/Tloc      #.........   100%        7    #######
 Monstrous Menagerie      Summ           #.........   100%        7    #######
 Summon Greater Demon     Summ           #.........   100%        7    #######
 Summon Horrible Things   Summ           #.........   100%        8    #######


Dungeon Overview and Level Annotations

Branches:
Dungeon (11/15)            Temple (1/1) D:7            Lair (0/6) D:11
    Orc (0/2) D:11

Altars:
Cheibriados
Dithmenos
Elyvilon
Fedhas
Gozag
Hepliaklqana
Kikubaaqudgha
Makhleb
Nemelex Xobeh
Okawaru
Ru
Sif Muna
Trog
Uskayaw
Vehumet
Wu Jian
Xom
Yredelemnul
Zin
The Shining One

Shops:
D:5 *   D:6 (

Annotations:
D:10 1 runed translucent door Gauntlet 13 transporters, exclusion: 2 lightning spires


Innate Abilities, Weirdness & Mutations

Your body is rotting away.
You thrive on raw meat.
You are immune to poison.
You have sharp fingernails.
You are carnivorous and can eat meat at any time.
Your flesh is cold resistant. (rC+)
You are immune to negative energy. (rN+++)
You do not regenerate when monsters are visible.
You are immune to unholy pain and torment.
You can survive without breathing.


Message History

* * * LOW HITPOINT WARNING * * *
The entropy weaver hits you but does no damage. x2
You block the jumping spider's attack. x2
The jumping spider completely misses you.
The jumping spider barely misses you.
Your ynoxinul barely misses the jumping spider.
Your neqoxec hits the entropy weaver.
Unknown command.
You claw the entropy weaver!
The entropy weaver is moderately wounded.
You block the jumping spider's attack. The jumping spider closely misses you.
The entropy weaver hits you!
* * * LOW HITPOINT WARNING * * *
The entropy weaver hits you.
* * * LOW HITPOINT WARNING * * *
You block the entropy weaver's attack. The entropy weaver hits you!
* * * LOW HITPOINT WARNING * * *
Your orange demon stings the jumping spider from afar.
The jumping spider closely misses you. x2; The entropy weaver hits you!
You die...

####..............#.#≈≈8
###≈....#############.####
#8#.....#©...........©....
###.######################
#.#.........#.#D≈a..≈≈..
###.#.........#.#S≈.^≈.^≈.
#8#.#..#33.#..#.#a≈≈.≈≈.≈.
###.#.PPsa....#.#.^≈...≈.≈
#.#....@....#.#≈≈.≈.≈..≈
###.#....s4...#.#.≈.≈≈≈.≈.
#8#.#..#...#P.#.#^.≈^.^≈≈.
###.#.......P.#.#y≈.≈.^.≈.
#.#...[©$=..#.#m≈..©!≈.$
###.###########.##########
#8#.§§....................
###§......................
########################


You could see an entropy weaver, 2 jumping spiders, a friendly orange demon, a
friendly neqoxec and a friendly ynoxinul.

Vanquished Creatures
  2 two-headed ogres
  A fire crab (Gauntlet)
  Pikel (D:6)
  A cyclops (D:9)
  2 trolls
  The ghost of Inarius the Skirmisher, an amateur DsHu (D:6)
  A hippogriff (D:11)
  Sigmund (D:4)
  2 wraiths
  2 fire bats (Gauntlet)
  5 yaks (D:10)
  4 hungry ghosts
  2 swamp worms (Gauntlet)
  3 water moccasins
  2 orc warriors (D:8)
  4 slaves (D:6)
  Duvessa (D:4)
  3 ice beasts
  A necrophage (D:11)
  2 sky beasts
  A black bear (D:10)
  2 ogres
  A wolf (D:4)
  A phantom (D:11)
  4 centaurs
  4 big kobolds (D:10)
  Blork the orc (D:4)
  7 bullfrogs
  Dowan (D:4)
  A wyvern skeleton (D:7)
  3 scorpions
  2 troll zombies (D:11)
  7 killer bees
  5 howler monkeys
  9 crimson imps
  A centaur zombie (D:11)
  4 jellies
  6 orc priests
  3 hounds
  2 centaur skeletons (D:5)
  7 iguanas
  7 worker ants
  A merfolk siren (Sewer)
  8 orc wizards
  2 hell rats (D:11)
  A merfolk avatar (Sewer)
  A killer bee zombie (D:10)
  4 ogre zombies (D:11)
  2 hound zombies
  A howler monkey zombie (D:4)
  3 gnolls (D:8)
  13 adders
  7 river rats
  2 shadow imps
  3 oozes
  2 adder zombies
  2 adder skeletons
  5 worms
  3 dart slugs
  6 leopard geckos
  29 orcs
  8 giant cockroaches
  11 hobgoblins
  12 jackals
  5 ball pythons (Sewer)
  4 bats
  7 frilled lizards
  5 goblins
  3 goblin skeletons (D:11)
  A goblin zombie (D:11)
  A hobgoblin zombie (D:11)
  A jackal skeleton (D:5)
  19 kobolds
  A leopard gecko skeleton (D:6)
  16 orc zombies (D:11)
  A quokka skeleton (D:6)
  28 rats
  A spectral orc (D:5)
339 creatures vanquished.

Vanquished Creatures (others)
  6 fungi (Gauntlet)
  19 plants (Gauntlet)
  11 withered plants (Gauntlet)
36 creatures vanquished.

Grand Total: 375 creatures vanquished

Notes
Turn   | Place    | Note
-------+----------+-------------------------------------------
     0 | D:1      | erloom the Ghoul Monk began the quest for the Orb.
     0 | D:1      | Reached XP level 1. HP: 19/19 MP: 0/0
   275 | D:1      | Reached XP level 2. HP: 26/26 MP: 1/1
   828 | D:1      | Reached skill level 4 in Unarmed Combat
  1022 | D:2      | Reached XP level 3. HP: 31/33 MP: 2/2
  1173 | D:2      | Found a hazy altar of Hepliaklqana.
  2017 | D:3      | Reached XP level 4. HP: 36/39 MP: 3/3
  2034 | D:3      | Reached skill level 1 in Shields
  2263 | D:3      | You fall into a shaft and drop 2 floors!
  2263 | D:5      | Entered Level 5 of the Dungeon
  2273 | D:5      | Reached skill level 5 in Unarmed Combat
  2273 | D:5      | Reached XP level 5. HP: 35/46 MP: 4/4
  2298 | D:4      | Noticed an ogre
  2300 | D:4      | Noticed a wolf
  2300 | D:4      | an ogre changed into a wolf
  2309 | D:4      | Killed a wolf
  2309 | D:4      | Reached skill level 1 in Armour
  2351 | D:4      | Noticed Dowan
  2389 | D:4      | Reached XP level 6. HP: 42/53 MP: 5/5
  2501 | D:4      | Found a glowing drain.
  2552 | Sewer    | Entered a sewer
  2756 | Sewer    | Reached skill level 6 in Unarmed Combat
  3081 | D:3      | Found a glowing golden altar of the Shining One.
  3334 | D:4      | Reached XP level 7. HP: 51/60 MP: 6/6
  3374 | D:4      | Noticed Sigmund
  3439 | D:4      | Killed Sigmund
  3439 | D:4      | Reached skill level 5 in Fighting
  3605 | D:4      | Found an iron altar of Okawaru.
  3606 | D:4      | Found a bloodstained altar of Trog.
  3698 | D:4      | Reached skill level 7 in Unarmed Combat
  3913 | D:4      | Noticed Duvessa
  3932 | D:4      | Killed Duvessa
  3932 | D:4      | Reached XP level 8. HP: 46/69 MP: 7/7
  3937 | D:4      | Killed Dowan
  3954 | D:4      | Noticed Blork the orc
  4052 | D:4      | Killed Blork the orc
  4148 | D:4      | Found an iron altar of Okawaru.
  4327 | D:5      | Found Atoz's Assorted Antiques.
  4360 | D:5      | Bought a small agate ring for 160 gold pieces
  4374 | D:5      | Found a deep blue altar of Sif Muna.
  4374 | D:5      | Found a white marble altar of Elyvilon.
  4504 | D:5      | Reached skill level 8 in Unarmed Combat
  4549 | D:5      | Found a basalt altar of Yredelemnul.
  4587 | D:5      | Got a crude robe
  4601 | D:5      | Identified the +1 robe of Jicoka Fiel {+Fly rN+++ rCorr
                  | Int-4} (You found it on level 5 of the Dungeon)
  5063 | D:6      | Found a runed translucent door.
  5075 | D:6      | Noticed Inarius's ghost (amateur DsHu)
  5105 | D:6      | Noticed Pikel
  5123 | D:6      | Killed Pikel
  5123 | D:6      | Reached skill level 9 in Unarmed Combat
  5123 | D:6      | Reached XP level 9. HP: 73/78 MP: 8/8
  5166 | D:6      | Killed Inarius's ghost
  5166 | D:6      | Reached skill level 10 in Unarmed Combat
  5195 | D:6      | Found a runed translucent door.
  5509 | D:6      | Found Loesk's Antique Weapon Shoppe.
  5543 | D:6      | Reached skill level 1 in Evocations
  5766 | D:7      | Found a staircase to the Ecumenical Temple.
  5776 | Temple   | Entered the Ecumenical Temple
  5839 | Temple   | Became a worshipper of Makhleb the Destroyer
  5839 | Temple   | Reached * piety under Makhleb
  5839 | Temple   | Reached ** piety under Makhleb
  6441 | D:7      | Reached skill level 1 in Invocations
  6771 | D:8      | Reached XP level 10. HP: 66/88 MP: 10/10
  6827 | D:8      | Reached skill level 11 in Unarmed Combat
  7103 | D:8      | Reached skill level 5 in Shields
  7158 | D:8      | Noticed a two-headed ogre
  7168 | D:8      | Killed a two-headed ogre
  7597 | D:9      | Noticed a two-headed ogre
  7599 | D:9      | Noticed a cyclops
  7608 | D:9      | Killed a two-headed ogre
  7613 | D:9      | Killed a cyclops
  7613 | D:9      | Reached *** piety under Makhleb
  7613 | D:9      | Reached skill level 12 in Unarmed Combat
  7619 | D:9      | Reached XP level 11. HP: 93/97 MP: 11/13
  8230 | D:10     | Entered Level 10 of the Dungeon
  8460 | D:10     | Reached skill level 5 in Armour
  8715 | D:10     | Reached **** piety under Makhleb
  8715 | D:10     | Reached skill level 5 in Invocations
  8927 | D:10     | Found a runed translucent door.
  8927 | D:10     | Noticed a deep troll
  8928 | D:10     | Noticed a tengu reaver
  8929 | D:10     | Noticed a glowing shapeshifter
  8929 | D:10     | Noticed a flayed ghost
  8929 | D:10     | Noticed a wolf spider
  8929 | D:10     | Noticed a phantasmal warrior
  8929 | D:10     | Noticed a moth of wrath
  8929 | D:10     | a glowing shapeshifter changed into a moth of wrath
  9044 | D:11     | Found a staircase to the Orcish Mines.
  9118 | D:11     | Noticed a death yak
  9224 | D:11     | Reached ***** piety under Makhleb
  9226 | D:11     | Found a gate leading to a gauntlet.
  9284 | Gauntlet | Entered a Gauntlet
  9284 | Gauntlet | Found a transporter.
  9293 | Gauntlet | Noticed a fire crab
  9294 | Gauntlet | Found a transporter.
  9296 | Gauntlet | Found a transporter.
  9298 | Gauntlet | Found a transporter.
  9312 | Gauntlet | Found a transporter.
  9327 | Gauntlet | Found a transporter.
  9332 | Gauntlet | Found a transporter.
  9351 | Gauntlet | Found a transporter.
  9366 | Gauntlet | Found a transporter.
  9375 | Gauntlet | Noticed a sixfirhy
  9378 | Gauntlet | Found a transporter.
  9382 | Gauntlet | Noticed a sixfirhy
  9386 | Gauntlet | Noticed an entropy weaver
  9393 | Gauntlet | Found a transporter.
  9401 | Gauntlet | Noticed a shining eye
  9402 | Gauntlet | Found a transporter.
  9404 | Gauntlet | Noticed a deep troll
  9404 | Gauntlet | a shining eye changed into a deep troll
  9406 | Gauntlet | a deep troll changed into a torpor snail
  9412 | Gauntlet | Noticed a mana viper
  9412 | Gauntlet | a torpor snail changed into a mana viper
  9419 | Gauntlet | Found a transporter.
  9419 | Gauntlet | Found a transporter.
  9421 | Gauntlet | Found a transporter.
  9426 | Gauntlet | Noticed a manticore
  9426 | Gauntlet | a hippogriff changed into a manticore
  9434 | Gauntlet | a manticore changed into a water nymph
  9436 | Gauntlet | Noticed a deep troll
  9436 | Gauntlet | a water nymph changed into a deep troll
  9437 | Gauntlet | Noticed a glowing shapeshifter
  9437 | Gauntlet | a deep troll changed into a glowing shapeshifter
  9438 | Gauntlet | Found a transporter.
  9438 | Gauntlet | Noticed an entropy weaver
  9438 | Gauntlet | a glowing shapeshifter changed into a merfolk
  9455 | Gauntlet | Found a transporter.
  9474 | Gauntlet | Found a transporter.
  9552 | Gauntlet | HP: 1/97 [fire crab/blast of flame (5)]
  9557 | Gauntlet | Killed a fire crab
  9557 | Gauntlet | Reached skill level 13 in Unarmed Combat
  9574 | Gauntlet | Got a shimmering hand crossbow
  9846 | Gauntlet | Identified the ring "Ungoun" {Ice Int+3}
  9908 | Gauntlet | Noticed a seven-headed hydra
  9953 | Gauntlet | a seven-headed hydra changed into a slime creature
 10010 | Gauntlet | Noticed a shining eye
 10010 | Gauntlet | an elephant changed into a shining eye
 10010 | Gauntlet | Noticed a satyr
 10010 | Gauntlet | a slime creature changed into a satyr
 10015 | Gauntlet | Noticed a glowing shapeshifter
 10015 | Gauntlet | a shining eye changed into a glowing shapeshifter
 10015 | Gauntlet | Noticed an ice dragon
 10015 | Gauntlet | a satyr changed into an ice dragon
 10016 | Gauntlet | Noticed a sea snake
 10016 | Gauntlet | a glowing shapeshifter changed into a sea snake
 10024 | Gauntlet | HP: 2/99 [entropy weaver (9)]
 10024 | Gauntlet | Mangled by an entropy weaver

Levels and vault maps discovered:
D:1:      minmay_arrival_up_and_down, layout_basic, minmay_misc_feat_chi
D:2:      layout_loops_corners, nicolae_overflow_crystal_walls
D:3:      layout_rooms, first_ration, minmay_misc_feat_alley, tso_metal_star
D:4:      layout_loops_ring, grunt_temple_overflow_bloody_war,
          gup_sewer_entry_glass, okawaru_altar_gauntlet_db, uniq_sigmund,
          uniq_duvessa, uniq_blork_the_orc
D:5:      layout_basic, yredelemnul_forgotten_temple_becter,
          amethyst_overflow_temple_binary, serial_shops,
          nicolae_shop_competitors_out_of_business
D:6:      layout_basic, serial_shops, nicolae_shop_overgrown_old_shop,
          ebering_ghost_sewer_f, hangedman_decor_peaks_small,
          grunt_ministairs_10, uniq_pikel
D:7:      layout_basic, minmay_temple_entry_crystal_x,
          hangedman_abyss_or_decor_passed
D:8:      layout_loops_ring
D:9:      layout_cave_pools, roderic_roman_lattice
D:10:     minmay_gate_of_8, layout_loops_ring
D:11:     minmay_four_partial_circles, layout_rooms, dpeg_lair_monsters,
          zombieorc2_lemuel, gauntlet_entry_generic, serial_shops,
          nicolae_shop_trees
Temple:   eino_temple_scatter_basement
Gauntlet: gammafunk_gauntlet_one_two_three [nicolae_gauntlet_arena_grate_2,
          nicolae_gauntlet_arena_x, gammafunk_gauntlet_arena_chambers,
          gammafunk_gauntlet_arena_arrow_garden, nicolae_gauntlet_swirl,
          nicolae_gauntlet_arena_t_cross, gammafunk_gauntlet_arena_spirals,
          nicolae_gauntlet_arena_flowing_pool, gammafunk_gauntlet_arena_hedges,
          gauntlet_exit_green]

Skill      XL: |  1  2  3  4  5  6  7  8  9 10 11 |
---------------+----------------------------------+-----
Unarmed Combat | 4 5 6 7 9 10 12 13 | 13.1
Shields        | 1 2 3 4 5 6 |  6.6
Fighting       | 4 5 7 8 9 |  9.7
Armour         | 1 2 3 4 5 |  5.6
Evocations     | 2 |  2.0
Invocations    | 1 4 5 |  5.0
Dodging        | |  2.6
Stealth        | |  2.1

Action                   |  1- 3 |  4- 6 |  7- 9 | 10-12 || total
-------------------------+-------+-------+-------+-------++-------
Melee: Unarmed           |    86 |   219 |   364 |   536 ||  1205
Throw: Boomerang         |       |     2 |     1 |       ||     3
Invok: Lesser Servant of |       |       |       |     3 ||     3
Evoke: Wand              |       |     2 |     4 |     3 ||     9
       Lamp of fire      |       |       |     1 |     1 ||     2
  Use: Scroll            |    11 |     1 |     2 |     5 ||    19
       Potion            |       |     1 |     1 |     4 ||     6
 Stab: Sleeping          |     5 |     4 |     4 |       ||    13
  Eat: Chunk             |    10 |    23 |    25 |    11 ||    69
Armor: Robe              |     7 |       |       |       ||     7
       Leather armour    |     2 |    45 |    61 |       ||   108
       Chain mail        |       |     3 |       |       ||     3
       Plate armour      |       |       |       |   149 ||   149
Dodge: Dodged            |    28 |    78 |   108 |    77 ||   291
Block: Buckler           |     7 |    43 |    57 |       ||   107
       Large shield      |       |       |    50 |   395 ||   445

Table legend:
 A = Non-vault XP
 B = Vault XP
 C = Vault XP percentage of total XP
 D = Non-vault monster count
 E = Vault monster count
 F = Vault count percentage of total count
                 A         B        C        D         E       F
            +---------+---------+-------+---------+---------+-------
      Total |   11781 |    4168 |  26.1 |     233 |     102 |  30.4
            +---------+---------+-------+---------+---------+-------
        D:1 |      25 |       0 |   0.0 |      14 |       0 |   0.0
        D:2 |      56 |       0 |   0.0 |      17 |       0 |   0.0
        D:3 |      87 |       0 |   0.0 |      16 |       0 |   0.0
        D:4 |     538 |     578 |  51.8 |      22 |      15 |  40.5
        D:5 |     669 |       1 |   0.1 |      23 |       1 |   4.2
        D:6 |     443 |    1074 |  70.8 |       8 |       6 |  42.9
        D:7 |     790 |       0 |   0.0 |      17 |       0 |   0.0
        D:8 |    3103 |       0 |   0.0 |      39 |       0 |   0.0
        D:9 |    2580 |       0 |   0.0 |      20 |       0 |   0.0
       D:10 |    2820 |       0 |   0.0 |      44 |       0 |   0.0
       D:11 |     670 |     840 |  55.6 |      13 |      36 |  73.5
      Sewer |       0 |     173 | 100.0 |       0 |      39 | 100.0
   Gauntlet |       0 |    1502 | 100.0 |       0 |       5 | 100.0
            +---------+---------+-------+---------+---------+-------
